 Dungeon Crawl Stone Soup version 0.29.1-12-g30fa7ad0bf (webtiles) character file.

Game seed: 13177067606287071546

72 BiteMe the Firebug (level 3, -5/26 HPs)
             Began as a Demigod Fire Elementalist on Dec 30, 2022.
             Slain by a gnoll
             ... wielding a +0 flail
              (10 damage)
             ... on level 3 of the Dungeon.
             The game lasted 00:13:44 (2220 turns).

BiteMe the Firebug (Demigod Fire Elementalist)      Turns: 2220, Time: 00:13:45

Health: -5/26      AC:  3    Str:  9    XL:     3   Next: 80%
Magic:  1/9        EV: 12    Int: 21    God:
Gold:   62         SH:  5    Dex: 14    Spells: 4/7 levels left

rFire   . . .      SeeInvis .   e - +0 dagger
rCold   . . .      Faith    .   (no shield)
rNeg    . . .      Spirit   .   a - +0 robe
rPois   .          Reflect  +   (no helmet)
rElec   .          Harm     .   (no cloak)
rCorr   .          Rampage  .   (no gloves)
Will    +....                   j - +0 pair of boots
Stlth   ++........              c - amulet of reflection
HPRegen 0.08/turn               d - ring of willpower
MPRegen 0.11/turn               (no ring)

@: no status effects
A: high MP 1, forlorn, divine attributes
a: no special abilities


You were on level 3 of the Dungeon.
You visited 1 branch of the dungeon, and saw 3 of its levels.

You collected 62 gold pieces.

Inventory:

Hand Weapons
 e - a +0 dagger (weapon)
 f - a +0 whip
 g - a +0 club
Armour
 a - a +0 robe (worn)
 j - a +0 pair of boots (worn)
Jewellery
 c - an amulet of reflection (around neck)
 d - a ring of willpower (left hand)
Scrolls
 i - a scroll of identify {unknown}
 k - a scroll of fear {unknown}
 l - a scroll of immolation {unknown}
Potions
 b - a potion of magic
 m - a potion of berserk rage {unknown}


   Skills:
 - Level 1.7 Dodging
 - Level 1.9 Stealth
 * Level 2.6 Spellcasting
 + Level 1.5 Conjurations
 + Level 3.5 Fire Magic


You had 4 spell levels left.
You knew the following spells:

 Your Spells              Type           Power      Damage    Failure   Level
a - Foxfire               Conj/Fire      52%        2x1d6     4%          1
b - Scorch                Fire           34%        2d7       4%          2

Your spell library contained the following spells:

 Spells                   Type           Power      Damage    Failure   Level
 Necrotise                Necr           8%         1d4       14%         1
 Sting                    Tmut/Pois      8%         1d3       14%         1
 Conjure Flame            Conj/Fire      13%        6-21      14%         3
 Inner Flame              Hex/Fire       10%        N/A       21%         3
 Poisonous Vapours        Pois/Air       4%         N/A       22%         2
 Vampiric Draining        Necr           2%         2d6       38%         3
 Flame Wave               Conj/Fire      13%        2d6       43%         4
 Olgreb's Toxic Radiance  Pois           2%         N/A       80%         4
 Agony                    Necr           2%         N/A       98%         5


Dungeon Overview and Level Annotations

Branches:
Dungeon (2/15)


Innate Abilities, Weirdness & Mutations

You have an increased reservoir of magic. (+10% MP)
You shall have no god before yourself.
Your divine heritage dramatically boosts your attributes as you level up.


Message History

The adder barely misses you.
The gnoll is no longer more vulnerable to fire.
The gnoll is no longer more vulnerable to fire.
The adder bites you. The adder attacks as you move away!
The adder bites you but does no damage.
Casting: Foxfire (safe; 5% risk of failure)
Press: ? - help, Q - select action, (/) - cycle Dir - look around, f - activate You conjure some foxfire!
The adder misses you.
The foxfire hits the adder.
The adder is almost dead.
The foxfire hits the adder.
You kill the adder!
Casting: Foxfire (safe; 4% risk of failure)
Confirm with . or Enter, or press ? or * to list all spells.
Flames lash the gnoll.
You kill the gnoll!
Casting: Foxfire (safe; 4% risk of failure)
Press: ? - help, Q - select action, (/) - cycle Dir - look around, f - activate You conjure some foxfire!
The foxfire hits the gnoll.
The gnoll is moderately wounded.
The foxfire hits the gnoll.
The gnoll is moderately wounded.
You see here a hobgoblin corpse.
Casting: Foxfire (safe; 4% risk of failure)
Press: ? - help, Q - select action, (/) - cycle Dir - look around, f - activate You conjure some foxfire!
The gnoll shouts!
The gnoll attacks as you move away! The gnoll hits you with a +0 flail.
The foxfire hits the gnoll.
The gnoll is heavily wounded.
The foxfire hits the gnoll.
The gnoll is heavily wounded.
The gnoll attacks as you move away! The gnoll barely misses you.
The gnoll attacks as you move away! The gnoll hits you with a +0 flail.
The gnoll attacks as you move away! The gnoll hits you with a +0 flail.
* * * LOW HITPOINT WARNING * * *
The gnoll hits you with a +0 flail!
You die...

#.†).....#
#........#
#........#
#........#
#.#g######
#.#o#
..#.#
#.###g#
#...@.#
#######


You could see 2 gnolls and an orc.

Vanquished Creatures
  A gnoll (D:3)
  2 adders
  2 dart slugs
  3 bats (D:2)
  4 endoplasms (D:1)
  3 giant cockroaches (D:1)
  3 goblins
  5 hobgoblins
  7 ball pythons (D:1)
  2 frilled lizards (D:1)
  2 kobolds (D:1)
  5 rats
39 creatures vanquished.

Vanquished Creatures (others)
  99 foxfires
99 creatures vanquished.

Grand Total: 138 creatures vanquished

Notes
Turn   | Place    | Note
-------+----------+-------------------------------------------
     0 | D:1      | BiteMe the Demigod Fire Elementalist began the quest for
                  | the Orb.
     0 | D:1      | Reached XP level 1. HP: 14/14 MP: 5/5
   189 | D:1      | Reached skill level 3 in Fire Magic
   242 | D:1      | Reached XP level 2. HP: 20/20 MP: 4/7
  1351 | D:1      | Reached skill level 1 in Conjurations
  1362 | D:1      | Reached XP level 3. HP: 26/26 MP: 5/9
  1628 | D:2      | Learned a level 2 spell: Scorch
  2040 | D:2      | You fall into a shaft and drop 1 floor!
  2220 | D:3      | Slain by a gnoll

Illustrated notes

Levels and vault maps discovered:
D:1:      dpeg_arrival_triangle_fractal, layout_loops_ring
D:2:      layout_loops_ring, dreamdust_ecumenical_altar_statues, uniq_natasha
D:3:      layout_basic, serial_shops, nicolae_shop_window_shopping

Skill      XL: |  1  2 |
---------------+-------+-----
Fire Magic     | 3 |  3.5
Spellcasting   | 2 |  2.6
Conjurations   | 1 |  1.5
Dodging        | |  1.7
Stealth        | |  1.9

Action                   || total
-------------------------++-------
Melee: Dagger            ||     6
       Unarmed           ||     1
 Cast: Foxfire           ||    60
       Scorch            ||     7
  Use: Potion            ||     1
 Stab: Sleeping          ||     1
Armor: Robe              ||     4
Dodge: Dodged            ||    15
Block: Other             ||     6
